 Dungeon Crawl Stone Soup version 0.17.2-1-ge4368a0 (webtiles) character file.

44 Goblin1989 the Cudgeler (level 3, 0/31 HPs)
             Began as a Minotaur Wanderer on Oct 19, 2016.
             Slain by Crazy Yiuf
             ... wielding a +3 quarterstaff of chaos
              (4 damage)
             ... on level 2 of the Dungeon.
             The game lasted 00:03:40 (844 turns).

Goblin1989 the Cudgeler (Minotaur Wanderer)          Turns: 844, Time: 00:03:41

Health: 0/31       AC: 11    Str: 19    XL:     3   Next: 41%
Magic:  2/2        EV:  7    Int:  7    God:
Gold:   87         SH:  0    Dex:  9    Spells: 0 memorised, 2 levels left

rFire  . . .     SeeInvis .     a - +2 mace
rCold  . . .     Clarity  .     f - +0 chain mail
rNeg   . . .     SustAt   .     (no shield)
rPois  .         Gourm    .     (helmet restricted)
rElec  .         Spirit   .     (no cloak)
rCorr  .         Warding  .     (no gloves)
rMut   .         Stasis   .     (no boots)
MR     .....                    (no amulet)
Stlth  ..........               g - ring of loudness (curse)
                                d - +3 ring of protection

@: lethally poisoned (0 -> -11), not resistant to hostile enchantments,
extremely unstealthy
A: retaliatory headbutt, horns 2
a: no special abilities


You were on level 2 of the Dungeon.
You were not hungry.

You visited 1 branch of the dungeon, and saw 2 of its levels.

You collected 87 gold pieces.

Inventory:

Hand Weapons
 a - a +2 mace (weapon)
Armour
 f - a +0 chain mail (worn)
Jewellery
 d - a +3 ring of protection (left hand)
 g - a cursed ring of loudness (right hand)
Scrolls
 b - a scroll of recharging {unknown}
 h - a scroll of magic mapping {unknown}
 i - a scroll of identify {unknown}
 l - a scroll of random uselessness {unknown}
 T - 2 scrolls of teleportation {!r, @r4}
Potions
 c - a potion of lignification {!q}
 k - a potion of resistance {unknown}
Comestibles
 e - a bread ration {@e1}
 j - 2 chunks of flesh {@w0}


   Skills:
 - Level 3.6 Fighting
 + Level 4.7 Maces & Flails
   Level 1.1 Crossbows
 - Level 2.4 Armour
 - Level 1.0 Stealth
   Level 1.2 Shields


You had 2 spell levels left.
You didn't know any spells.

Dungeon Overview and Level Annotations

Branches:
Dungeon (2/15)

Altars:
Dithmenos

Annotations:
D:2 Crazy Yiuf


Innate Abilities, Weirdness & Mutations

You reflexively headbutt those who attack you in melee.
You have a pair of horns on your head.


Message History

You are too injured to fight recklessly!
You are too injured to fight recklessly!
You are too injured to fight recklessly!
You are too injured to fight recklessly!
You are too injured to fight recklessly!
You are too injured to fight recklessly!
You are too injured to fight recklessly!
You are too injured to fight recklessly!
You are too injured to fight recklessly!
You are too injured to fight recklessly!
You are too injured to fight recklessly!
You are too injured to fight recklessly!
Unknown command.
You hit Crazy Yiuf.
Crazy Yiuf is almost dead.
You feel sick.
Crazy Yiuf hits you with a quarterstaff of chaos!
* * * LOW HITPOINT WARNING * * *
Space bends around you.
You die...

......... ........ ███
....... █). ......█
█.. ......█ ..
......█████ █.
..†.......█ ♣g♣♣
..........█ ♣@♣
..........█ ♣.♣♣
..........█ ♣♣.♣
..........█ ♣♣.♣♣
..........█ ♣♣...♣
..........█ ♣..PP♣
..........█ █....█
..........████....███
......................


You could see Crazy Yiuf.

Vanquished Creatures
  A gnoll (D:1)
  An adder (D:2)
  2 giant geckos
  A ball python (D:1)
  2 goblins (D:1)
  4 hobgoblins (D:1)
  2 bats (D:1)
  2 giant newts
  6 kobolds
  3 rats (D:1)
24 creatures vanquished.

Notes
Turn   | Place    | Note
--------------------------------------------------------------
     0 | D:1      | Goblin1989 the Minotaur Wanderer began the quest for the Orb.
     0 | D:1      | Goblin1989 set off with: a +2 mace, a potion of lignification {!q}, a +0 robe, a bread ration {@e1}, a scroll of teleportation {!r, @r4}
     0 | D:1      | Reached XP level 1. HP: 19/19 MP: 0/0
   256 | D:1      | Reached XP level 2. HP: 23/26 MP: 1/1
   294 | D:1      | Reached skill level 4 in Maces & Flails
   708 | D:1      | Reached XP level 3. HP: 31/31 MP: 2/2
   782 | D:2      | Found a shadowy altar of Dithmenos.
   836 | D:2      | Noticed Crazy Yiuf
   844 | D:2      | Slain by Crazy Yiuf

Action                   || total
-------------------------++-------
Melee: Mace              ||    43

Vault maps used:
D:1:      dpeg_arrival_line_fractal
D:2:      nicolae_dithmenos_shadow_blocks, hangedman_decor_clover_reticule,
          hex_intersection, uniq_robin, uniq_crazy_yiuf_cottage, uniq_iyjb
